 Dungeon Crawl Stone Soup version 0.22-a0-367-gb72a975 (webtiles) character file.

8835 theanonym the Slicer (level 11, -6/86 HPs)
             Began as a Mummy Necromancer on Apr 22, 2018.
             Was a Believer of Vehumet.
             Mangled by an eight-headed hydra (7 damage)
             ... on level 11 of the Dungeon.
             The game lasted 00:37:53 (14815 turns).

theanonym the Slicer (Mummy Necromancer)           Turns: 14815, Time: 00:37:54

Health: -6/86      AC:  9    Str: 11      XL:     11   Next: 15%
Magic:  9/19       EV: 10    Int: 18      God:    Vehumet [**....]
Gold:   428        SH:  0    Dex: 14 (16) Spells: 1/20 levels left

rFire    + . .     SeeInvis .   a - +1 short sword (elec)
rCold    + + .     Gourm    .   (no shield)
rNeg     + + +     Faith    .   b - +0 ring mail
rPois    ∞         Spirit   .   (no helmet)
rElec    .         Reflect  .   i - scarf {rC+ rF+}
rCorr    .         Harm     .   (no gloves)
MR       +....                  p - +2 pair of boots
Stlth    +.........             (no amulet)
HPRegen  0.24/turn              h - ring of protection from fire
MPRegen  0.16/turn              m - +3 ring of dexterity

@: very slightly contaminated
A: no food or potions, fire vulnerability, cold resistance 1, negative energy
resistance 3, torment resistance, unbreathing
a: Renounce Religion


Innate Abilities, Weirdness & Mutations

You do not eat or drink.
Your flesh is vulnerable to fire.
You are immune to poison.
Your flesh is cold resistant. (rC+)
You are immune to negative energy. (rN+++)
You are immune to unholy pain and torment.
You can survive without breathing.


   Skills:
 - Level 7.9 Fighting
 - Level 8.4 Short Blades
 - Level 4.5 Armour
 - Level 1.5 Dodging
 - Level 1.5 Stealth
 - Level 5.3 Spellcasting
 + Level 5.2 Conjurations
 - Level 5.0 Necromancy
 + Level 5.2 Fire Magic


You had one spell level left.
You knew the following spells:

 Your Spells              Type           Power        Failure   Level  Hunger
a - Pain                  Necr           ###.         3%          1    N/A
b - Animate Dead          Necr           N/A          34%         4    N/A
c - Vampiric Draining     Necr           ###.......   11%         3    N/A
d - Mephitic Cloud        Conj/Pois/Air  ##......     38%         3    N/A
e - Animate Skeleton      Necr           N/A          3%          1    N/A
f - Fireball              Conj/Fire      ###.......   67%         5    N/A
l - Blink                 Tloc           N/A          38%         2    N/A

Skill      XL: |  1  2  3  4  5  6  7  8  9 10 11 |
---------------+----------------------------------+-----
Spellcasting   | 3 4 5 |  5.3
Short Blades   | 1 2 3 5 7 8 |  8.4
Necromancy     | 5 |  5.0
Fighting       | 1 2 4 5 7 |  7.9
Armour         | 1 4 |  4.5
Conjurations   | 4 5 |  5.2
Fire Magic     | 4 5 |  5.2
Dodging        | |  1.5
Stealth        | |  1.5

Action                   |  1- 3 |  4- 6 |  7- 9 | 10-12 || total
-------------------------+-------+-------+-------+-------++-------
Melee: Short sword       |    20 |    50 |   261 |   300 ||   631
 Cast: Pain              |    84 |   125 |    97 |    43 ||   349
       Animate Skeleton  |     3 |     7 |     1 |       ||    11
       Animate Dead      |       |    11 |    21 |    16 ||    48
       Vampiric Draining |       |     2 |    14 |    12 ||    28
Evoke: Wand              |       |     2 |    11 |    14 ||    27
  Use: Scroll            |     2 |     7 |     9 |     7 ||    25
 Stab: Paralysed         |       |       |     1 |     5 ||     6
       Sleeping          |       |       |     1 |     4 ||     5
Armor: Robe              |     4 |     4 |       |    19 ||    27
       Ring mail         |       |    13 |    91 |    83 ||   187
Dodge: Dodged            |    23 |    63 |   117 |   165 ||   368

Inventory:

Hand Weapons
 a - a +1 short sword of electrocution (weapon)
   (You took it off a kobold on level 1 of the Dungeon)
 w - the +0 spear of Wodorch {pierce, Str+8 Int+5 Dex-2}
   (You found it on level 8 of the Dungeon)

   It inflicts extra damage upon your enemies.
   It affects your strength (+8).
   It affects your intelligence (+5).
   It affects your dexterity (-2).
Armour
 b - a +0 ring mail (worn)
   (You found it on level 2 of the Dungeon)
 c - a +2 robe of positive energy
   (You took it off Sigmund on level 6 of the Dungeon)
 i - a scarf of resistance (worn)
   (You found it on level 2 of the Dungeon)
 p - a +2 pair of boots (worn)
   (You found it on level 7 of the Dungeon)
 q - the +1 robe of Salvation {+Inv rF+ rCorr Str+4}
   (You found it on level 7 of the Dungeon)

   It affects your strength (+4).
   It protects you from fire.
   It lets you turn invisible.
   It protects you from acid and corrosion.
Magical Staves
 j - an uncursed staff of conjuration
   (You found it on level 5 of the Dungeon)
Jewellery
 h - a ring of protection from fire (left hand)
   (You found it on level 1 of the Dungeon)
 m - a +3 ring of dexterity (right hand)
   (You took it off an orc on level 5 of the Dungeon)
 x - an uncursed ring of resist corrosion
   (You found it on level 8 of the Dungeon)
 y - an uncursed ring of protection from fire
   (You found it on level 9 of the Dungeon)
Wands
 d - a wand of digging (5)
   (You found it on level 3 of the Dungeon)
 g - a wand of enslavement (5)
   (You took it off Ijyb on level 5 of the Dungeon)
 u - a wand of iceblast (4)
   (You found it on level 7 of the Dungeon)
 v - a wand of acid (7)
   (You found it on level 9 of the Dungeon)
Scrolls
 f - 2 scrolls of fog
 k - a scroll of fear
 l - a scroll of enchant armour
 n - 6 scrolls of remove curse
 o - 3 scrolls of amnesia
 r - 2 scrolls of identify
 t - 2 scrolls of teleportation {!r}
 A - a scroll of immolation
 B - 3 scrolls of blinking
 C - a scroll of noise
Comestibles
 e - 19 rations


You were on level 11 of the Dungeon.
You worshipped Vehumet.
Vehumet was pleased with you.
You were not hungry.

You visited 2 branches of the dungeon, and saw 12 of its levels.
You also visited: Bailey.

You collected 428 gold pieces.

Dungeon Overview and Level Annotations

Branches:
Dungeon (11/15)            Temple (1/1) D:7            Lair (0/6) D:11
    Orc (0/2) D:10

Altars:
Ashenzari
Cheibriados
Dithmenos
Elyvilon
Fedhas
Gozag
Hepliaklqana
Kikubaaqudgha
Makhleb
Nemelex Xobeh
Qazlal
Ru
Trog
Uskayaw
Vehumet
Wu Jian
Xom
Yredelemnul
Zin
The Shining One
Beogh

Shops:
D:4 %   D:5 (*%%   D:11 !

Annotations:
D:3 exclusion: oklob plant

.# .#
#####.#
#∩....#
#.....#
##.....#
#......####
#..@D..T...
#..h.......
####.>.....
.#.....
.#..... .#
.... .# ...
.# ...


You could see an eight-headed hydra, a troll and a jackal.

Notes
Turn   | Place    | Note
-------+----------+-------------------------------------------
     0 | D:1      | theanonym the Mummy Necromancer began the quest for the Orb.
     0 | D:1      | Reached XP level 1. HP: 13/13 MP: 4/4
    87 | D:1      | Reached skill level 3 in Spellcasting
   218 | D:1      | Reached XP level 2. HP: 19/19 MP: 1/6
   338 | D:1      | Learned a level 1 spell: Animate Skeleton
  1145 | D:1      | Reached XP level 3. HP: 16/24 MP: 0/8
  1360 | D:2      | HP: 10/24 [adder (3)]
  1576 | D:2      | Reached skill level 1 in Short Blades
  1825 | D:2      | Found a burning altar of Makhleb.
  2194 | D:2      | Reached XP level 4. HP: 30/30 MP: 1/9
  2304 | D:2      | Learned a level 4 spell: Animate Dead
  2308 | D:2      | Learned a level 3 spell: Vampiric Draining
  2377 | D:3      | Reached skill level 4 in Spellcasting
  2497 | D:3      | Found a blossoming altar of Fedhas.
  2545 | D:3      | Noticed an oklob plant
  3537 | D:4      | Reached skill level 5 in Necromancy
  3537 | D:4      | Reached XP level 5. HP: 35/35 MP: 7/11
  3538 | D:4      | theanonym: !lg . god=kiku win s=char
  3538 | D:4      | beem: 3 games for theanonym (god=kiku win): 2x HOFi, HOMo
  3562 | D:4      | Noticed a hand axe
  3563 | D:4      | Noticed a dagger
  3567 | D:4      | Found a hide-covered altar of Uskayaw.
  3585 | D:4      | Reached skill level 5 in Spellcasting
  3810 | D:4      | Noticed a phantom
  3816 | D:4      | HP: 10/35 [phantom (8)]
  3820 | D:4      | Found an opulent altar of Gozag.
  3820 | D:4      | Found a glowing silver altar of Zin.
  3824 | D:4      | HP: 7/35 [phantom (4)]
  3828 | D:4      | Found a shimmering altar of Xom.
  4102 | D:4      | Found Yngidat's Food Shoppe.
  4175 | D:4      | Reached skill level 2 in Short Blades
  4497 | D:5      | Entered Level 5 of the Dungeon
  4500 | D:5      | Reached skill level 1 in Fighting
  4500 | D:5      | Reached XP level 6. HP: 43/43 MP: 10/14
  4508 | D:5      | Noticed Dowan
  4905 | D:5      | Noticed Duvessa
  5202 | D:4      | HP: 20/44 [phantom (7)]
  5205 | D:5      | Found Nodghimy's Weapon Emporium.
  5312 | D:5      | Reached skill level 3 in Short Blades
  5322 | D:5      | Found a hazy altar of Hepliaklqana.
  5484 | D:5      | Killed Dowan
  5484 | D:5      | Reached skill level 2 in Fighting
  5588 | D:5      | Reached XP level 7. HP: 51/51 MP: 7/15
  5599 | D:5      | HP: 20/51 [Duvessa/rapier of freezing (11)]
  5875 | D:5      | Noticed Ijyb
  5912 | D:5      | Killed Ijyb
  5983 | D:5      | Found Ynarho's General Store.
  6223 | D:5      | HP: 23/51 [centaur/arrow (10)]
  6227 | D:5      | Reached skill level 3 in Fighting
  6227 | D:5      | Reached skill level 4 in Short Blades
  6399 | D:5      | Found Vurhas's Food Shoppe.
  6655 | D:5      | Found Demminu's Food Emporium.
  6656 | D:5      | Noticed Pikel
  6682 | D:5      | Killed Pikel
  6682 | D:5      | Reached skill level 4 in Fighting
  6682 | D:5      | Reached skill level 5 in Short Blades
  6682 | D:5      | Reached XP level 8. HP: 37/60 MP: 13/16
  7071 | D:6      | Killed Duvessa
  7071 | D:6      | Reached skill level 6 in Short Blades
  7163 | D:6      | Reached skill level 5 in Fighting
  7777 | D:6      | Reached skill level 7 in Short Blades
  7905 | D:6      | Reached skill level 1 in Armour
  8006 | D:6      | Reached XP level 9. HP: 69/69 MP: 15/17
  8205 | D:6      | Reached skill level 6 in Fighting
  8337 | D:6      | Found a glowing golden altar of the Shining One.
  8499 | D:6      | Noticed Sigmund
  8538 | D:6      | HP: 34/69 [something (6)]
  8544 | D:6      | HP: 17/69 [Sigmund/scythe (3)]
  8546 | D:6      | Killed Sigmund
  8546 | D:6      | Reached skill level 2 in Armour
  9190 | D:7      | Got a distressingly furry robe
  9202 | D:7      | Identified the +1 robe of Salvation {+Inv rF+ rCorr Str+4} (You found it on level 7 of the Dungeon)
  9255 | D:7      | Reached skill level 3 in Armour
  9612 | D:7      | Reached skill level 7 in Fighting
  9614 | D:7      | Noticed Menkaure
  9942 | D:7      | Reached skill level 8 in Short Blades
 10055 | D:7      | Killed Menkaure
 10157 | D:7      | Identified Zubusa's Collected Works on Damaging Protection
 10339 | D:7      | Found a staircase to the Ecumenical Temple.
 10350 | Temple   | Entered the Ecumenical Temple
 10400 | Temple   | Became a worshipper of Vehumet
 10687 | D:8      | Reached skill level 4 in Armour
 10936 | D:8      | Got a crystal spear
 10937 | D:8      | Identified the cursed +0 spear of Wodorch {pierce, Str+8 Int+5 Dex-2} (You found it on level 8 of the Dungeon)
 10994 | D:8      | Reached XP level 10. HP: 77/79 MP: 16/18
 11115 | D:8      | Found a sparkling altar of Nemelex Xobeh.
 11117 | D:8      | Found a basalt altar of Yredelemnul.
 11128 | D:8      | Found a shadowy altar of Dithmenos.
 11129 | D:8      | Found a shimmering altar of Xom.
 11131 | D:8      | Found a sacrificial altar of Ru.
 11133 | D:8      | Found an ancient bone altar of Kikubaaqudgha.
 11285 | D:9      | Found a flagged portal.
 11294 | Bailey   | Entered a bailey
 11300 | Bailey   | HP: 36/80 [centaur/javelin of returning (14)]
 11493 | D:9      | Noticed Joseph
 11514 | D:9      | HP: 35/80 [Joseph/uncursed quarterstaff (14)]
 11515 | D:9      | Killed Joseph
 11762 | D:8      | Learned a level 5 spell: Fireball
 11766 | D:8      | Learned a level 3 spell: Mephitic Cloud
 11967 | D:9      | Reached skill level 1 in Conjurations
 11967 | D:9      | Reached skill level 1 in Fire Magic
 12092 | D:9      | Noticed a two-headed ogre
 12100 | D:9      | Killed a two-headed ogre
 12100 | D:9      | Reached skill level 2 in Conjurations
 12100 | D:9      | Reached skill level 2 in Fire Magic
 12122 | D:9      | Reached * piety under Vehumet
 12122 | D:9      | Offered knowledge of Sandblast by Vehumet.
 12596 | D:10     | Entered Level 10 of the Dungeon
 12662 | D:10     | Noticed a two-headed ogre
 12812 | D:10     | Reached skill level 3 in Conjurations
 12812 | D:10     | Reached skill level 3 in Fire Magic
 12831 | D:10     | Found a staircase to the Orcish Mines.
 12973 | D:10     | Noticed a guardian serpent
 12982 | D:10     | Killed a guardian serpent
 12990 | D:10     | Learned a level 2 spell: Blink
 13078 | D:10     | Found a roughly hewn altar of Beogh.
 13098 | D:10     | HP: 39/80 [orc priest/divine providence (14)]
 13104 | D:10     | HP: 21/80 [orc priest/divine providence (12)]
 13118 | D:10     | HP: 12/80 [orc priest/divine providence (12)]
 13578 | D:10     | HP: 32/80 [orc warrior/war axe (25)]
 13579 | D:10     | Reached skill level 4 in Conjurations
 13579 | D:10     | Reached skill level 4 in Fire Magic
 13935 | D:10     | Offered knowledge of Sting by Vehumet.
 13951 | D:10     | Killed a two-headed ogre
 13963 | D:10     | Reached ** piety under Vehumet
 14030 | D:10     | Reached XP level 11. HP: 80/86 MP: 19/19
 14077 | D:10     | HP: 42/86 [killer bee (5)]
 14136 | D:10     | HP: 38/86 [killer bee (7)]
 14401 | D:10     | HP: 35/86 [gargoyle/stone arrow (12)]
 14630 | D:11     | Reached skill level 5 in Fire Magic
 14707 | D:11     | Reached skill level 5 in Conjurations
 14780 | D:11     | Noticed a two-headed ogre
 14782 | D:11     | Noticed an eight-headed hydra
 14807 | D:11     | Found a staircase to the Lair.
 14807 | D:11     | Found Nauppomokk's Distillery.
 14807 | D:11     | Noticed an eight-headed hydra
 14814 | D:11     | HP: 35/86 [eight-headed hydra (13)]
 14815 | D:11     | HP: 15/86 [eight-headed hydra (12)]
 14815 | D:11     | HP: 1/86 [eight-headed hydra (14)]
 14815 | D:11     | Mangled by an eight-headed hydra

Vanquished Creatures
  2 two-headed ogres
  Pikel (D:5)
  Joseph (D:9)
  A guardian serpent (D:10)
  3 centaur skeletons
  A hornet (D:11)
  2 hippogriffs
  Sigmund (D:6)
  2 hungry ghosts
  Menkaure (D:7)
  Duvessa (D:6)
  An ice beast (D:8)
  3 orc warriors
  2 phantoms
  6 sky beasts
  A slave (D:5)
  2 black bears (D:6)
  4 ogres
  A centaur (D:5)
  A big kobold (D:6)
  3 bullfrogs
  3 scorpions
  Dowan (D:5)
  2 killer bees (D:10)
  7 wights
  A howler monkey (D:6)
  3 crimson imps
  7 jellies
  4 hounds
  9 orc priests
  3 orc wizards
  3 bullfrog skeletons
  2 iguanas
  Ijyb (D:5)
  6 worker ants
  2 killer bee zombies
  2 hound zombies
  2 hound skeletons (D:7)
  3 worker ant zombies
  9 adders
  3 shadow imps
  6 oozes
  5 worms
  9 dart slugs
  11 leopard geckos
  29 orcs
  9 bats
  3 giant cockroaches
  6 goblins
  5 hobgoblins
  16 jackals
  9 kobolds
  4 quokkas
  3 frilled lizards (D:1)
  A jackal zombie (D:5)
  A leopard gecko zombie (D:4)
  8 rats
238 creatures vanquished.

Vanquished Creatures (collateral kills)
  A hippogriff (D:7)
  A hungry ghost (D:10)
  2 ogres
  A centaur (D:8)
  6 killer bees (D:10)
  A jelly (D:10)
  A bullfrog skeleton (D:7)
  A killer bee zombie (D:10)
  2 orcs (D:4)
  2 jackals (D:10)
  2 kobolds (D:7)
20 creatures vanquished.

Vanquished Creatures (others)
  A bullfrog zombie (D:11)
  An iguana (D:5)
  A worker ant (D:4)
  An adder (D:4)
  A dart slug (D:5)
  A leopard gecko (D:4)
  A ball python (D:4)
7 creatures vanquished.

Grand Total: 265 creatures vanquished

Table legend:
 A = Turns spent in this place as a percentage of turns spent in the entire game.
 B = Non-inter-level travel turns spent in this place as a percentage of non-inter-level travel turns spent in the entire game.
 C = Inter-level travel turns spent in this place as a percentage of turns spent in this place.
 D = Turns resting spent in this place as a percentage of non-inter-level travel turns spent in this place.
 E = Turns spent auto-exploring this place as a percentage of non-inter-level travel turns spent in this place.
 F = Non-inter-level travel turns spent in this place divided by the number of levels of this place that you've seen.
                   A       B       C       D       E      F
               +-------+-------+-------+-------+-------+----------------------
         Total | 100.0 | 100.0 |   6.3 |  46.0 |  36.7 | 1067.3
       Dungeon |  99.5 |  99.6 |   6.3 |  46.2 |  36.6 | 1256.0
        Temple |   0.4 |   0.4 |  13.3 |   0.0 |  88.5 |  52.0
        Bailey |   0.0 |   0.1 |   0.0 |   0.0 |   0.0 |   7.0
               +-------+-------+-------+-------+-------+----------------------
